 Dungeon Crawl Stone Soup version 0.26-a0-651-gb41185065b (webtiles) character file.

Game seed: 6806625239501393725

72 Apogee the Skirmisher (level 4, 3/31 HPs)
             Began as a Halfling Abyssal Knight on Oct 1, 2020.
             Was a Believer of Lugonu.
             Quit the game on level 3 of the Dungeon.
             The game lasted 00:03:07 (2897 turns).

Apogee the Skirmisher (Halfling Abyssal Knight)     Turns: 2897, Time: 00:03:08

Health: 3/31       AC:  4    Str: 13    XL:     4   Next: 50%
Magic:  6/6        EV: 13    Int: 10    God:    Lugonu [**....]
Gold:   151        SH:  0    Dex: 14    Spells: 3/3 levels left

rFire    . . .     SeeInvis .   a - +1 short sword
rCold    . . .     Faith    .   (shield restricted)
rNeg     . . .     Spirit   .   b - +0 leather armour
rPois    .         Reflect  .   (no helmet)
rElec    .         Harm     .   (no cloak)
rCorr    .         Rampage  .   (no gloves)
MR       .....                  c - +0 pair of boots
Stlth    +.........             (no amulet)
HPRegen  0.10/turn              (no ring)
MPRegen  0.10/turn              (no ring)

@: lethally poisoned (3 -> 0), flying, hasted, very quick
A: small, mutation resistance 1
a: Depart the Abyss, Bend Space, Renounce Religion


You were on level 3 of the Dungeon.
You worshipped Lugonu.
Lugonu was pleased with you.
You visited 1 branch of the dungeon, and saw 3 of its levels.
You visited the Abyss 1 time.

You collected 151 gold pieces.

Inventory:

Hand Weapons
 a - a +1 short sword (weapon)
Missiles
 e - 83 stones (quivered)
Armour
 b - a +0 leather armour (worn)
 c - a +0 pair of boots (worn)
   (You found it on level 1 of the Abyss)
Jewellery
 h - an uncursed ring of see invisible {unknown}
   (You found it on level 2 of the Dungeon)
Scrolls
 d - 3 scrolls of teleportation {unknown}
 i - a scroll of identify {unknown}
 j - a scroll of enchant weapon {unknown}
 k - a scroll of immolation {unknown}
Potions
 f - a potion of haste {@q3}


   Skills:
 + Level 3.4 Fighting
 - Level 2.4 Short Blades
 + Level 3.2 Armour
 - Level 1.1 Dodging
 + Level 3.1 Invocations


You had 3 spell levels left.
You didn't know any spells.
Your spell library was empty.

Dungeon Overview and Level Annotations

Branches:
Dungeon (3/15)

Altars:
Ashenzari
Dithmenos
Wu Jian


Innate Abilities, Weirdness & Mutations

You are small and have problems with some larger weapons.
You are somewhat resistant to further mutation.


Message History

Unknown command.
You barely miss the jackal. The jackal bites you.
The jackal closely misses you.
You hit the jackal.
The jackal bites you but does no damage. x2
The jackal closely misses you. x2
You hit the jackal but do no damage. The jackal barely misses you.
The jackal bites you.
You hit the jackal.
You kill the jackal!
Lugonu accepts your kill. The jackal misses you.
You barely miss the jackal.
The jackal bites you but does no damage.
You miss the jackal. The jackal bites you.
You hit the jackal but do no damage.
The jackal bites you but does no damage.
The jackal bites you.
You hit the jackal but do no damage. The jackal barely misses you.
You closely miss the jackal.
The jackal bites you but does no damage.
You hit the jackal. The jackal bites you.
You closely miss the jackal. The jackal barely misses you.
The jackal bites you but does no damage.
You hit the jackal.
You kill the jackal!
Lugonu accepts your kill.
You hit the adder but do no damage. The adder closely misses you.
The adder bites you.
You are poisoned.
The adder poisons you!
You hit the adder.
You feel sick. The adder bites you.
* * * LOW HITPOINT WARNING * * *
You hit the adder. The adder bites you.
* * * LOW HITPOINT WARNING * * *
You hit the adder.
You feel sick. The adder barely misses you.
Unknown command.
You miss the adder. The adder barely misses you. The adder bites you.
* * * LOW HITPOINT WARNING * * *
You closely miss the adder.
You feel sick. The adder misses you.
Unknown command.
Okay, then.
You hit the adder but do no damage. The adder bites you.
* * * LOW HITPOINT WARNING * * *
It was a potion of haste.
You feel yourself speed up. The adder misses you. The adder bites you.
* * * LOW HITPOINT WARNING * * *
It was a potion of flight.
You feel very buoyant.
You fly up into the air.

...... ##>.... #.....
#######.#.##
#..........# .#
#.......†..#
#.##..#..†.......#
###..# #........###.#.#
....# ..........@Sg...#
..... ######.#.###.#..#
..# ##.#.## .# ... ..#
#.....#... . ..######
#..........
.......####.........g.
..####................#
### ######............
............


You could see an adder and a goblin.

Vanquished Creatures
  An adder (D:2)
  A worm (D:2)
  3 dart slugs (D:1)
  4 leopard geckos
  2 bats (D:1)
  3 giant cockroaches (D:2)
  3 hobgoblins
  5 jackals
  8 kobolds
  2 ball pythons (D:3)
  2 frilled lizards
  8 goblins
  5 rats
47 creatures vanquished.

Notes
Turn   | Place    | Note
-------+----------+-------------------------------------------
     0 | Abyss:1  | Apogee the Halfling Abyssal Knight began the quest for the
                  | Orb.
     0 | Abyss:1  | Reached XP level 1. HP: 15/15 MP: 2/2
     1 | Abyss:1  | Found a corrupted altar of Lugonu.
    12 | D:1      | Escaped the Abyss
    25 | D:1      | Found a broken altar of Ashenzari.
    95 | D:1      | Reached XP level 2. HP: 11/20 MP: 3/3
   611 | D:1      | Reached XP level 3. HP: 21/26 MP: 4/4
   828 | D:1      | Reached ** piety under Lugonu
  1455 | D:2      | Found a shadowy altar of Dithmenos.
  1455 | D:2      | Found an ornate altar of the Wu Jian Council.
  1535 | D:2      | Reached XP level 4. HP: 19/31 MP: 6/6
  2897 | D:3      | Quit the game

Illustrated notes

Levels and vault maps discovered:
D:1:      dpeg_arrival_shrine, layout_loops_corners, ashenzari_altar_1
D:2:      layout_loops_corners, gammafunk_temple_overflow_elements
D:3:      layout_rooms

Skill      XL: |  1  2  3 |
---------------+----------+-----
Fighting       | 3 |  3.4
Armour         | 3 |  3.2
Invocations    | 3 |  3.1
Short Blades   | |  2.4
Dodging        | |  1.1

Action                   |  1- 3 |  4- 6 || total
-------------------------+-------+-------++-------
Melee: Short sword       |    98 |    67 ||   165
Throw: Stone             |       |     7 ||     7
  Use: Potion            |       |     2 ||     2
 Stab: Sleeping          |     2 |       ||     2
Armor: Leather armour    |    21 |    15 ||    36
Dodge: Dodged            |    55 |    39 ||    94

Table legend: (Time is in decaauts)
 A = Elapsed time spent in this place.
 B = Non-inter-level travel time spent in this place.
 C = Inter-level travel time spent in this place.
 D = Time resting spent in this place.
 E = Time spent auto-exploring this place.
 F = Levels seen in this place.
 G = Mean time per level.
                   A        B        C        D        E       F      G
               +--------+--------+--------+--------+--------+-----+--------+
         Total |   2894 |   2830 |     64 |    508 |   1899 |   4 |  723.5 |
       Dungeon |   2882 |   2818 |     64 |    508 |   1897 |   3 |  960.7 |
         Abyss |     12 |     12 |      0 |      0 |      2 |   1 |   12.0 |
               +--------+--------+--------+--------+--------+-----+--------+

Top non-repeatable levels by time:
     D:2: 1698 daAuts
     D:1: 1119 daAuts
     D:3: 64 daAuts
 Abyss:1: 12 daAuts
